 Dungeon Crawl Stone Soup version 0.23.2-1-ga50397a (webtiles) character file.

Game seed: 16011936718881703671

224 pkoi the Conjurer (level 5, 0/38 HPs)
             Began as a Draconian Conjurer on May 26, 2019.
             Slain by a quokka (1 damage)
             ... on level 3 of the Dungeon on May 27, 2019.
             The game lasted 00:06:23 (3484 turns).

pkoi the Conjurer (Draconian Conjurer)              Turns: 3484, Time: 00:06:24

Health: 0/38       AC:  7    Str:  8 (10) XL:     5   Next: 67%
Magic:  3/8        EV: 13    Int: 16 (17) God:
Gold:   207        SH:  0    Dex:  8 (11) Spells: 1/8 levels left

rFire    . . .     SeeInvis .   c - +0 club
rCold    . . .     Gourm    .   (no shield)
rNeg     . . .     Faith    .   (armour unavailable)
rPois    .         Spirit   .   (helmet restricted)
rElec    .         Reflect  .   g - +1 cloak
rCorr    .         Harm     .   (no gloves)
MR       .....                  (no boots)
Stlth    ++........             (no amulet)
HPRegen  0.12/turn              f - +1 ring of evasion
MPRegen  0.11/turn              (no ring)

@: lethally poisoned (0 -> -6), about to teleport, hasted, very quick
A: unfitting armour, cold-blooded, AC +5
a: no special abilities


You were on level 3 of the Dungeon.
You were not hungry.

You visited 1 branch of the dungeon, and saw 4 of its levels.

You collected 207 gold pieces.

Inventory:

Hand Weapons
 c - a +0 club (weapon)
Armour
 g - a +1 cloak (worn)
Jewellery
 f - a +1 ring of evasion (left hand)
Scrolls
 h - a scroll of enchant armour {unknown}
 m - 2 scrolls of identify
Potions
 a - 2 potions of haste
 d - a potion of degeneration
Comestibles
 b - 9 rations
 l - a chunk of flesh


   Skills:
 - Level 1.7 Dodging
 - Level 1.7 Stealth
 - Level 2.0 Spellcasting
 + Level 7.0 Conjurations


You had one spell level left.
You knew the following spells:

 Your Spells              Type           Power        Failure   Level  Hunger
a - Magic Dart            Conj           ###.         1%          1    #......
b - Searing Ray           Conj           ###...       1%          2    ###....
c - Iskenderun's Mystic   Conj           ###.....     12%         4    #####..

Your spell library contained the following spells:

 Spells                   Type           Power        Failure   Level  Hunger
 Dazzling Spray           Conj/Hex       ##....       14%         3    ###....
 Force Lance              Conj/Tloc      ##......     43%         4    #####..
 Fulminant Prism          Conj/Hex       ##........   43%         4    #####..


Dungeon Overview and Level Annotations

Branches:
Dungeon (4/15)
 Temple: D:4-7

Altars:


Innate Abilities, Weirdness & Mutations

Your plain brown scales are hard. (AC +5)
You cannot fit into any form of body armour.
You are cold-blooded and may be slowed by cold attacks.


Message History

The scorpion misses you. The quokka barely misses you.
The searing ray hits the scorpion!
The scorpion is almost dead.
You finish channeling your searing ray.
You feel sick. The scorpion stings you.
* * * LOW HITPOINT WARNING * * *
The quokka bites you but does no damage.
You feel yourself speed up.
You feel sick. The scorpion stings you.
* * * LOW HITPOINT WARNING * * *
The quokka bites you.
* * * LOW HITPOINT WARNING * * *
As you read the scroll of teleportation, it crumbles to dust.
You feel strangely unstable. The scorpion misses you.
The quokka bites you but does no damage.
You hit the scorpion.
You kill the scorpion!
You feel your intelligence returning.
Your Conjurations skill increases to level 7!
* * * LOW HITPOINT WARNING * * *
You feel sick. The quokka bites you.
You die...

#.....#.#...# #.....#.#.#.#
#.....#.#.#+######
#.......#........#
#########................#####
#.............................
#.).......#'#.####.......####.
#........^#.#r#####....######.
#.........#.#@†...'....+....'.
#.........#.#######....######.
#.........#.# #.#### #.
#.........#.#######'#### #.
#.........#.#..........# #.
###########............# ##
#########..........#
#......##..........#
#......##..........#


You could see a quokka.

Vanquished Creatures
  A scorpion (D:3)
  Natasha (thrice) (D:2)
  3 adders
  3 worms (D:2)
  4 dart slugs
  2 leopard geckos
  2 orcs (D:3)
  10 bats
  2 giant cockroaches
  5 hobgoblins
  11 kobolds
  A quokka (D:3)
  5 frilled lizards
  7 goblins
  8 rats
67 creatures vanquished.

Notes
Turn   | Place    | Note
-------+----------+-------------------------------------------
     0 | D:1      | pkoi the Draconian Conjurer began the quest for the Orb.
     0 | D:1      | Reached XP level 1. HP: 14/14 MP: 3/3
   130 | D:1      | Reached XP level 2. HP: 20/20 MP: 0/5
   312 | D:1      | Learned a level 2 spell: Searing Ray
   976 | D:1      | Reached skill level 5 in Conjurations
  1275 | D:2      | Reached XP level 3. HP: 26/26 MP: 4/6
  1337 | D:2      | Noticed Natasha
  1364 | D:2      | Killed Natasha
  1722 | D:2      | Reached XP level 4. HP: 33/33 MP: 1/7
  2129 | D:2      | Noticed Natasha
  2189 | D:2      | Killed Natasha
  2189 | D:2      | Reached skill level 6 in Conjurations
  2210 | D:2      | Noticed Natasha
  2217 | D:2      | Killed Natasha
  2217 | D:2      | Reached XP level 5. HP: 27/38 MP: 1/8
  2314 | D:2      | Learned a level 4 spell: Iskenderun's Mystic Blast
  3482 | D:3      | HP: 1/38 [quokka (2)]
  3484 | D:3      | Reached skill level 7 in Conjurations
  3484 | D:3      | Slain by a quokka

Skill      XL: |  1  2  3  4  5 |
---------------+----------------+-----
Conjurations   | 5 6 7 |  7.0
Dodging        | |  1.7
Stealth        | |  1.7
Spellcasting   | |  2.0

Action                   |  1- 3 |  4- 6 || total
-------------------------+-------+-------++-------
Melee: Club              |    21 |    93 ||   114
       Tailslap          |     1 |     9 ||    10
 Cast: Magic Dart        |    37 |    20 ||    57
       Searing Ray       |     4 |    10 ||    14
  Use: Scroll            |       |     6 ||     6
       Potion            |       |     5 ||     5
 Stab: Sleeping          |     1 |     1 ||     2
  Eat: Chunk             |     3 |     7 ||    10
Armor: Skin              |     8 |    59 ||    67
Dodge: Dodged            |    20 |    86 ||   106
